Map: Lightshade LE

Players

Pumba - Winner!

  • Race: Zerg Zerg
  • League: Master
  • Spawn Location: 11:00

IIIIIIIIIIII

  • Race: Zerg Zerg
  • League: Master
  • Spawn Location: 5:00

VOD

Have the link to the VOD?

Description

Time

  • Played on: Sept. 14, 2021, 9:40 p.m.
  • Length: 8:14
Show
View Real Time Build Order
Export as new Build Order

Pumba Zerg - Winner!

Build Orders: Hatch First 

Get SALT Encoding   

  12  0:01  Drone  
  13  0:14  Overlord  
  13  0:16  Drone  
  14  0:32  Drone x2  
  16  0:49  Hatchery  
  15  0:52  Drone  
  15  0:55  Drone  
  17  1:09  Extractor  
  17  1:10  Drone  
  17  1:13  Spawning Pool  
  17  1:18  Drone  
  17  1:23  Drone  
  18  1:31  Drone  
  19  1:44  Drone  
  20  1:51  Overlord  
  20  2:00  Queen  
  22  2:01  Queen  
  22  2:03  Zergling x4  
  26  2:12  Metabolic Boost  
  26  2:13  Drone x2  
  28  2:25  Drone  
  28  2:26  Drone  
  30  2:38  Hatchery  
  29  2:46  Drone  
  29  2:51  Baneling Nest  
  29  2:52  Drone  
  29  2:53  Zergling x2  
  30  3:04  Drone x2  
  30  3:05  Overlord  
  31  3:16  Zergling x4  
  33  3:22  Drone x3  
  33  3:23  Overlord  
  36  3:31  Drone x2  
  36  3:32  Drone  
  36  3:33  Drone  
  40  3:34  Baneling x2  
  40  3:36  Queen  
  42  3:45  Drone x2  
  44  3:52  Drone x2  
  46  3:56  Drone, Extractor  
  46  3:58  Drone x3, Evolution Chamber  
  46  4:00  Overlord  
  48  4:03  Drone x2  
  51  4:10  Drone x2  
  51  4:14  Zergling x8  
  55  4:22  Zergling x4  
  56  4:25  Lair  
  56  4:26  Extractor  
  56  4:29  Roach Warren  
  54  4:31  Drone  
  54  4:32  Drone x2  
  54  4:34  Overlord  
  54  4:37  Baneling  
  57  4:43  Drone x2  
  57  4:44  Baneling  
  57  4:45  Baneling  
  59  4:48  Drone  
  59  4:49  Zerg Missile Weapons Level 1  
  59  4:52  Drone x3  
  63  4:58  Baneling, Drone  
  64  5:01  Drone x2  
  66  5:11  Drone x3  
  63  5:18  Zergling x2, Overlord  
  63  5:19  Zergling x6  
  66  5:23  Glial Reconstitution  
  66  5:26  Overseer, Extractor x2  
  64  5:32  Roach x4  
  64  5:33  Overlord  
  64  5:34  Overlord x2  
  64  5:35  Overlord  
  72  5:40  Overlord  
  72  5:54  Infestation Pit, Drone x3  
  72  5:55  Drone x4  
  72  5:56  Roach x6  
  90  6:06  Drone x2  
  90  6:07  Overlord  
  92  6:12  Roach  
  94  6:21  Baneling x2  
  94  6:27  Drone  
  94  6:30  Pathogen Glands, Extractor  
  94  6:31  Drone x2  
  94  6:32  Drone  
  97  6:34  Drone x2  
  99  6:40  Overlord x2  
  99  6:43  Roach x5  
  99  6:46  Drone  
  110  6:49  Hatchery  
  109  7:03  Roach x10  
  127  7:13  Roach x4  
  127  7:14  Ravager x2  
  135  7:18  Roach  
  135  7:22  Roach x2  
  141  7:25  Roach  
  141  7:28  Roach  
  145  7:33  Overlord x2  
  145  7:34  Overlord  
  143  7:40  Roach  
  135  7:53  Roach x8  
Show
View Real Time Build Order
Export as new Build Order

IIIIIIIIIIII Zerg 

Build Orders: Hatch First 

Get SALT Encoding   

  12  0:00  Drone  
  13  0:12  Overlord  
  13  0:16  Drone  
  14  0:30  Drone x2  
  16  0:49  Hatchery  
  15  0:52  Drone  
  15  0:55  Drone  
  17  0:57  Drone  
  18  1:10  Extractor  
  17  1:13  Spawning Pool  
  17  1:15  Drone  
  17  1:18  Drone  
  18  1:27  Drone  
  19  1:39  Drone  
  20  1:48  Overlord  
  20  2:01  Queen x2  
  20  2:02  Zergling x4  
  26  2:12  Drone x2  
  26  2:14  Metabolic Boost  
  28  2:26  Drone x2  
  30  2:32  Drone  
  30  2:35  Drone  
  32  2:42  Hatchery  
  31  2:49  Drone x2  
  33  2:54  Drone  
  33  2:58  Queen  
  35  3:07  Drone  
  35  3:13  Overlord  
  35  3:19  Drone  
  36  3:29  Baneling Nest  
  36  3:33  Drone x6  
  41  3:46  Drone x3  
  44  3:51  Overlord  
  44  3:52  Overlord  
  44  3:54  Queen  
  49  3:55  Zergling x6  
  49  4:00  Zergling x2  
  49  4:18  Roach Warren  
  49  4:19  Extractor  
  49  4:23  Drone x11  
  57  4:28  Overlord  
  57  4:38  Drone x3  
  60  4:42  Extractor  
  59  4:47  Baneling x2  
  59  4:52  Baneling x3  
  59  4:54  Zergling x24  
  71  5:05  Evolution Chamber  
  63  5:18  Drone x6  
  66  5:31  Overlord  
  66  5:32  Overlord x2  
  66  5:36  Zerg Missile Weapons Level 1  
  66  5:37  Lair  
  66  5:52  Overlord  
  66  5:53  Drone x8  
  66  5:54  Drone x3  
  77  6:04  Overlord  
  77  6:05  Overlord x3  
  77  6:07  Roach x4  
  84  6:23  Drone x2  
  84  6:24  Extractor  
  84  6:25  Roach x5, Extractor  
  94  6:34  Roach x8  
  110  6:48  Roach x5  
  110  6:50  Overlord  
  110  6:53  Baneling x13  
  114  7:14  Roach x7  
  128  7:16  Zergling x2  
  129  7:24  Overlord x2  
  129  7:34  Zergling x8  
  129  7:36  Overlord x3  
  113  7:54  Roach x2  
  113  7:55  Roach x9  
Tags
 
Add a new tag
Caveats
  • Supply blocks, unpowered buildings, or Contaminate may cause inaccurate times.
  • Supply counts are checked every 10 seconds.